Cogmind - Beta 12 @@@ ROGUE MODE // 2023.12.25 @ 10:59:33 Player: Dosh Result: Self-destructed Performance ------------- Evolutions (7) 3500 Regions Visited (21) 4200 Robots Destroyed (331) 1655 Value Destroyed (13744) 13744 Prototype IDs (39) 780 Alien Tech Used (0) 0 Bonus (5655) 5655 TOTAL SCORE: 29534 Bonus ------- High Alert Combat Kills 1326 Follower Combat Kills 2430 Network Hubs Disabled 200 Aligned with FarCom 300 Destroyed Z-Imprinter 1000 Triggered Deep Caves Wall 500 Exposed GOLEM Chamber 500 Built Enhanced Grunts 300 A7 Reached Mainframe 300 Friendly Fire -1201 Cogmind --------- Core Integrity 908/1300 Matter 297/300 Energy 150/150 System Corruption 22% Temperature Cool (21) Movement Walking (330) Ox3 Location -3/Research Parts ------- > --- POWER (2) -------- Micro Antimatter Reactor > --- PROPULSION (4) --- Myomer Leg > --- UTILITY (11) ----- Advanced Heat Sink Huge Storage Unit Enhanced Optical Array Improved System Shield > --- WEAPON (4) ------- (None) > --- INVENTORY (25) --- Light Antimatter Reactor Light Antimatter Reactor Improved Heat Sink Medium Storage Unit Huge Storage Unit Matter Compressor (250) Advanced Terrain Scan Processor Particle Charger Launcher Loader Improved Thermal Shield Improved System Shield System Restoration Module Drone Bay (2/2) Phase Gun Matter Neutralizer Matter Neutralizer Power Maul Peak State ------------ > --- POWER ------------ Assembled Flux Generator > --- PROPULSION ------- Armored Leg Enhanced Flexi-carbon Leg Assembled Alloy Leg Assembled Alloy Leg > --- UTILITY ---------- Assembled Nanovents Assembled Nanovents Assembled Nanovents Huge Storage Unit Assembled Biocell Array Assembled Alloy Armor Force Field GOLEM Unit > --- WEAPON ----------- Assembled Focal Cannon Assembled Focal Cannon > --- INVENTORY -------- Quantum Reactor Centrium Heavy Treads Improved Titanium Leg Matter Compressor Structural Scanner Enhanced Optical Array Improved Signal Interpreter Core Analyzer Matter Filter Particle Charger Transmission Jammer Improved Light Armor Plating Improved Hacking Suite Improved Hacking Suite Improved Hacking Suite Improved System Shield Improved System Shield System Restoration Module Hacking Drone Bay Guided EMP Blaster Heavy Missile Launcher Field Lobotomy Kit Power Maul [Rating: 145] Favorites ----------- Power Assembled Flux Generator Engine Ion Engine Power Core Neutrino Core Reactor Assembled Flux Generator Propulsion Improved Treads Treads Improved Treads Leg Assembled Alloy Leg Wheel Wheel Hover Unit Zionite Glidesys I Utility Huge Storage Unit Device Assembled Nanovents Storage Huge Storage Unit Processor Core Analyzer Hackware Hacking Suite Protection Assembled Alloy Armor Weapon Assembled Focal Cannon Energy Gun Phase Gun Energy Cannon Assembled Focal Cannon Ballistic Gun Assault Rifle Ballistic Cannon Gauss Cannon Launcher Mini Grenade Launcher Special Weapon Field Lobotomy Kit Impact Weapon Power Maul Build | -11 -10 -10 -9 -9 -9 -8 -8 -7 -7 -7 -7 -7 -6 -6 -6 -6 -6 -6 -5 -4 -3 ------- Run | Jun Mat Min Mat Min Exi Min Mat Fac Low Low Zio Dee Pro Fac Ext Cet Arc Hub Fac Fac Res Slots Evolved 14 | . . . 2 . . . 2 2 . . . . . 2 . . . . 2 2 2 Power 1 | . . . . . . . . . . . . . . 1 . . . . . . . Propulsion 2 | . . . . . . . 1 1 . . . . . . . . . . . . . Utility 9 | . . . 2 . . . 1 1 . . . . . 1 . . . . 2 1 1 Weapon 2 | . . . . . . . . . . . . . . . . . . . . 1 1 Parts Attached 227 | 6 3 3 22 . . . 11 15 12 3 2 24 4 3 4 1 . 6 25 61 22 Power 27 | 1 . . 2 . . . 2 3 1 1 . 2 1 . . . . . 2 10 2 Engine 5 | 1 . . 2 . . . . . . . . . . . . . . . 1 1 . Core 14 | . . . . . . . 2 3 1 1 . 2 1 . . . . . . 4 . Reactor 8 | . . . . . . . . . . . . . . . . . . . 1 5 2 Propulsion 39 | 2 . 1 6 . . . 2 3 3 . . 5 . 2 1 . . 2 1 9 2 Treads 25 | 2 . 1 6 . . . 2 3 3 . . 3 . . . . . . . 5 . Leg 8 | . . . . . . . . . . . . . . 2 1 . . 2 1 . 2 Wheel 5 | . . . . . . . . . . . . 1 . . . . . . . 4 . Hover 1 | . . . . . . . . . . . . 1 . . . . . . . . . Flight . | . . . . . . . . . . . . . . . . . . . . . . Utility 83 | 1 3 . 8 . . . 4 3 5 . 1 7 . 1 1 . . 4 13 22 10 Device 44 | . 1 . 2 . . . 2 . 3 . . 6 . . 1 . . 3 8 10 8 Storage 7 | 1 2 . . . . . 1 . . . . . . 1 . . . . 1 1 . Processor 6 | . . . . . . . . 1 . . 1 . . . . . . . 1 3 . Hackware 8 | . . . 1 . . . 1 . . . . . . . . . . 1 3 1 1 Protection 18 | . . . 5 . . . . 2 2 . . 1 . . . . . . . 7 1 Artifact . | . . . . . . . . . . . . . . . . . . . . . . Weapon 78 | 2 . 2 6 . . . 3 6 3 2 1 10 3 . 2 1 . . 9 20 8 Energy Gun 1 | . . . . . . . . . . . . . . . . . . . . 1 . Energy Cannon 13 | . . . . . . . 1 1 . . . 4 . . . . . . . 2 5 Ballistic Gun 17 | 2 . 2 3 . . . . . . . . . . . . . . . 2 8 . Ballistic Cannon 24 | . . . 2 . . . 2 4 2 1 . 3 1 . . . . . 2 4 3 Launcher 14 | . . . 1 . . . . 1 1 1 . 3 2 . . . . . 5 . . Special Weapon 3 | . . . . . . . . . . . . . . . . . . . . 3 . Impact Weapon 6 | . . . . . . . . . . . 1 . . . 2 1 . . . 2 . Slashing Weapon . | . . . . . . . . . . . . . . . . . . . . . . Piercing Weapon . | . . . . . . . . . . . . . . . . . . . . . . Special Melee Weapon . | . . . . . . . . . . . . . . . . . . . . . . Unidentified Prototypes 6 | . . . . . . . . . . . . 3 . . . . . 1 1 1 . Corrupted Parts 2 | . . . . . . . . . . . . . . . . . . . . 1 1 System Corruption 14 | . . . . . . . . . . . . . . . . . . . . 8 6 Parts Lost 96 | . . 2 9 . . . 2 3 5 1 . 11 1 3 1 . . 1 9 29 19 Power 16 | . . . 2 . . . . . 1 1 . 2 1 . . . . . 2 6 1 Propulsion 18 | . . 2 1 . . . . 1 1 . . 4 . . . . . . 2 4 3 Utility 43 | . . . 4 . . . 2 2 2 . . 3 . 2 1 . . 1 3 12 11 Weapon 19 | . . . 2 . . . . . 1 . . 2 . 1 . . . . 2 7 4 Highest Loss Streak 8 | . . 2 2 . . . 1 2 3 1 . 7 1 1 1 . . 1 8 7 7 To Critical Strikes 1 | . . 1 . . . . . . . . . . . . . . . . . . . Average Slot Usage (%) 88 | . 96 96 94 100 100 100 95 91 97 100 100 86 74 77 85 86 86 86 88 77 66 Engine 2 | . 14 14 8 11 11 11 . . . . . . . . . . . . . 2 . Core 2 | . . . . . . . 8 7 7 7 7 6 5 . . . . . . 2 . Reactor 2 | . . . . . . . . . . . . . . 5 6 6 6 6 4 4 8 Treads 14 | . 28 24 20 22 22 22 26 29 29 30 30 20 . . . . . . . 4 5 Leg 7 | . . . . . . . . . . . . 2 15 18 25 26 26 26 22 2 . Device 13 | . 7 14 10 11 11 11 8 1 10 15 15 16 15 19 19 20 20 19 20 10 16 Storage 9 | . 17 14 11 11 11 11 9 7 7 7 7 7 15 13 13 13 13 13 11 6 4 Processor 2 | . . . . . . . . 5 4 . 3 7 7 3 . . . . 1 7 8 Hackware 7 | . . . 9 11 11 11 15 15 11 7 7 2 . . . . . . 7 14 8 Protection 6 | . . . 10 11 11 11 7 6 8 15 11 4 . 2 6 6 6 6 4 4 2 Energy Cannon 4 | . . . . . . . 1 . . . . 3 12 12 11 12 13 13 8 1 4 Ballistic Gun 3 | . 28 28 12 . . . . . . . . . . . . . . . . 6 . Ballistic Cannon 6 | . . . 8 11 11 11 14 14 14 14 14 8 1 . . . . . . 3 2 Naked Turns . | . . . . . . . . . . . . . . . . . . . . . . Heaviest Build 173 | 13 53 31 43 39 39 39 106 115 116 118 118 118 119 159 159 159 159 165 167 173 148 Greatest Support 150 | 40 40 40 46 46 46 46 66 86 89 89 89 89 60 100 100 95 95 108 104 150 150 Greatest Overweight (x) 39 | . 1 1 1 . . . 1 1 1 1 1 39 1 2 2 1 1 1 1 34 5 Average Overweight (x) . | . . . . . . . . 1 1 1 1 1 1 1 1 1 1 1 1 1 . Largest Inventory Capacity 25 | 8 20 15 15 15 15 15 25 25 25 25 25 25 25 25 25 25 25 25 25 25 25 Average Capacity 22 | 6 15 15 15 15 15 15 24 25 25 25 25 25 25 25 25 25 25 25 25 25 25 Most Carried 25 | 3 8 10 15 15 15 15 24 25 25 25 25 25 25 25 25 25 25 25 25 25 25 Average Carried 20 | 2 6 8 12 15 14 15 19 24 24 24 24 24 24 22 21 24 24 24 23 18 21 Final Capacity 25 | 8 15 15 15 15 15 15 25 25 25 25 25 25 25 25 25 25 25 25 25 25 25 Final Carried 25 | 3 8 10 15 15 15 15 24 25 25 24 25 22 25 21 25 24 25 25 19 21 18 Class Distribution -------------------- 35% | Mutant 25% | Hacker-Mutant 19% | Golem 8% | Commander-Golem 3% | Scavenger-Mutant Dominant Class ---------------- Mutant | -10/Materials Mutant | -10/Mines Mutant | -9/Materials Mutant | -9/Mines Mutant | -9/Exiles Mutant | -8/Mines Hacker-Mutant | -8/Materials Hacker-Mutant | -7/Factory Hacker-Mutant | -7/Lower Caves Mutant | -7/Lower Caves Mutant | -7/Zion Mutant | -7/Deep Caves Golem | -6/Proximity Caves Golem | -6/Factory Golem | -6/Extension Commander-Golem | -6/Cetus Commander-Golem | -6/Archives Commander-Golem | -6/Hub_04(d) Golem | -5/Factory Hacker-Mutant | -4/Factory Scavenger-Mutant | -3/Research Resources | -11 -10 -10 -9 -9 -9 -8 -8 -7 -7 -7 -7 -7 -6 -6 -6 -6 -6 -6 -5 -4 -3 ----------- Run | Jun Mat Min Mat Min Exi Min Mat Fac Low Low Zio Dee Pro Fac Ext Cet Arc Hub Fac Fac Res Matter Collected 9172 | 236 259 143 1168 106 . 13 583 605 439 253 35 613 479 346 32 10 . 46 483 2756 567 Remotely . | . . . . . . . . . . . . . . . . . . . . . . Salvage Created 12570 | . 345 90 1479 87 . 28 664 568 310 237 . 818 299 738 1209 54 250 480 1642 2346 926 Parts 673 | . 37 11 103 9 . 8 34 60 7 8 . 13 16 40 40 3 18 24 97 104 41 Haulers Intercepted 1 | . . . . . . . 1 . . . . . . . . . . . . . . Recyclers Shooed 6 | . 1 . . 1 . . 1 . . . . . . 1 . . . . 1 1 . Parts Field Recycled . | . . . . . . . . . . . . . . . . . . . . . . Retrieved Matter . | . . . . . . . . . . . . . . . . . . . . . . Parts Self-Destructed 33 | . . . . . . . . . 10 6 2 . 15 . . . . . . . . Prevented . | . . . . . . . . . . . . . . . . . . . . . . Kills | -11 -10 -10 -9 -9 -9 -8 -8 -7 -7 -7 -7 -7 -6 -6 -6 -6 -6 -6 -5 -4 -3 ------- Run | Jun Mat Min Mat Min Exi Min Mat Fac Low Low Zio Dee Pro Fac Ext Cet Arc Hub Fac Fac Res Combat Hostiles Destroyed 305 | . 12 5 40 6 . 3 18 17 12 7 . 48 19 12 13 1 . 4 37 36 15 Guns 65 | . 12 5 22 . . . . . . . . . . . . . . . 2 24 . Cannons 139 | . . . 16 1 . . 12 12 9 4 . 6 8 12 12 1 . 4 17 11 14 AOE 95 | . . . 2 5 . 3 6 5 3 3 . 39 11 . . . . . 18 . . Classes Destroyed 22 | . 5 . 5 . . 1 2 1 . . . 4 1 . 1 . . . 2 . . Worker 13 | . 1 1 1 . . . . 1 . . . . . 1 . . . 3 1 3 1 Builder 11 | . . . . . . . . . . . . . . . . . . . 2 7 2 Tunneler 2 | . . . . . . 1 . . . . . . . . . . . . . 1 . Hauler 1 | . . . . . . . 1 . . . . . . . . . . . . . . Recycler 6 | . . . 1 . . . 1 . . . . . . . 1 . . . . 2 1 Mechanic 1 | . . . 1 . . . . . . . . . . . . . . . . . . Operator 17 | . 2 . 1 . . . 1 3 . . . . . 1 . . 7 1 . . 1 Drone 2 | . . . . . . . . . . . . . 2 . . . . . . . . Watcher 24 | . 3 . 4 . . . 2 3 . . . . . 1 2 . . 2 7 . . Swarmer 58 | . 9 5 6 3 . 3 4 3 4 . . . 3 3 . . . . 11 4 . Grunt 77 | . 3 . 20 2 . . 6 3 5 7 . . . 3 5 . . 2 11 10 . Brawler 10 | . . . 3 1 . . 2 . 1 . . . . 1 1 . . . . 1 . Duelist 5 | . . . 1 . . . . . . 1 . . . 2 . . . . 1 . . Sentry 35 | . . . 10 . . . 5 1 1 . . . 1 1 6 . . 1 4 4 1 Hunter 17 | . . . . . . . 1 3 1 . . . 2 . . 1 . . 1 6 2 Programmer 40 | . . . . . . . . 7 . . . . . 2 . . . . 8 11 12 Heavy 1 | . . . . . . . . . . . . . . . . . . . 1 . . Behemoth 2 | . . . . . . . . . . . . . . . 1 . . 1 . . . Enhanced Grunt 1 | . . . . . . . . . . . . . . . . . . 1 . . . Z-Light 1 | . . . . . . . . . . . . 1 . . . . . . . . . Assembler 2 | . . . . . . . . . . . . 2 . . . . . . . . . Assembled 53 | . . . . . . . . . . . . 42 11 . . . . . . . . Golem 5 | . . . . . . . . . . . . 5 . . . . . . . . . Savage 2 | . . . . . . . . . . . . . . . 2 . . . . . . Guerrilla 1 | . . . . . . . . . . . . . . . 1 . . . . . . Best Kill Streak 37 | . 3 3 5 3 . 3 4 4 6 4 . 37 8 4 4 1 2 3 5 9 4 Combat Bots Only 36 | . 3 3 4 3 . 3 4 4 6 4 . 36 8 4 4 1 . 2 5 7 3 Max Kills in Single Turn 16 | . 1 2 4 3 . 3 3 3 2 2 . 16 5 2 1 1 1 2 5 2 1 Gunslinging 1 | . . . 1 . . . . . . . . . . . . . . . . . . Exploded 16 | . . . 2 3 . 3 3 2 2 2 . 16 5 . . . . . 4 . . Melee . | . . . . . . . . . . . . . . . . . . . . . . Uniques/NPCs Destroyed 1 | . . . . . . . . . . . . 1 . . . . . . . . . Z-Imprinter (-7/Deep Caves) Combat | -11 -10 -10 -9 -9 -9 -8 -8 -7 -7 -7 -7 -7 -6 -6 -6 -6 -6 -6 -5 -4 -3 -------- Run | Jun Mat Min Mat Min Exi Min Mat Fac Low Low Zio Dee Pro Fac Ext Cet Arc Hub Fac Fac Res Damage Taken 22023 | . 393 275 1462 54 . 10 607 783 850 321 . 2281 578 565 996 36 99 313 2627 6508 3265 Core 2118 | . 55 55 109 9 . 4 48 . 43 16 . 336 132 24 134 . 43 35 376 307 392 Absorbed by Shields 1341 | . . . 100 21 . 5 206 16 . . . . . . 17 12 . 58 825 . 81 Reduced by Siege Mode 313 | . . . . . . . . . . . . . . . . . . . . 154 159 Redirected to Shielding 143 | . . . . . . . . . . 37 . 106 . . . . . . . . . Regen/Repaired (Parts) 898 | . . . . . . . . 125 . . 208 . . . . . . . . 565 . Core Remaining (%) 68 | 100 . 56 . . . 69 91 . . . . . 24 . . . . 72 62 73 . Volleys Fired 851 | . 55 15 102 6 . 1 46 37 27 16 . 43 24 29 52 3 26 21 115 168 65 Largest 3 | . 2 2 2 2 . 2 2 2 2 2 . 2 2 2 2 2 2 2 2 3 3 Hottest 243 | . 40 53 77 74 . 74 119 96 96 96 . 132 73 50 50 50 50 50 96 243 237 Shots Fired 1658 | . 110 30 203 10 . 2 88 74 51 32 . 84 44 51 104 6 52 42 202 374 99 Gun 569 | . 110 30 137 . . . . . . . . . . . . . . . 33 259 . Cannon 1021 | . . . 61 6 . 1 82 72 49 30 . 67 36 51 104 6 52 42 153 110 99 Launcher 63 | . . . 5 4 . 1 6 2 2 2 . 17 8 . . . . . 16 . . Special 5 | . . . . . . . . . . . . . . . . . . . . 5 . Kinetic 1045 | . 110 30 198 6 . 1 71 72 49 30 . 49 9 . . . . . 60 313 47 Thermal 524 | . . . . . . . 11 . . . . . 27 51 104 6 52 42 126 56 49 Explosive 59 | . . . 5 4 . 1 6 2 2 2 . 17 8 . . . . . 12 . . Electromagnetic 25 | . . . . . . . . . . . . 18 . . . . . . 4 . 3 Robot Hit Streak 28 | . 7 4 9 4 . 5 9 7 6 6 . 13 8 11 28 5 7 4 14 18 25 Robot Miss Streak 8 | . 4 5 6 8 . 6 7 3 2 2 . 3 5 3 3 1 4 2 7 5 3 Penetration Max 2 | . . . . . . . . . 1 . . . . . . . . . 1 2 . Secondary Targets 3 | . . 1 1 . . . . . . . . . . . . . . . . 1 . Max Gunslinging Chain 1 | . . 1 1 . . . . . . . . . . . . . . . . 1 . Capacitor 41 | . . . . . . . . . . . . . . . . . . . . . 41 Shots Hit Robots 1012 | . 60 13 133 7 . 1 50 41 31 18 . 52 24 35 80 5 30 22 98 245 67 Core Hits 682 | . 25 6 104 10 . 3 44 26 17 11 . 132 25 17 27 1 12 18 73 105 26 Critical Kills 6 | . . . . . . . . . . . . . . . . . . . . 5 1 Critical Parts Destroyed 3 | . 1 . . . . . . . . . . . . . . . . . . 2 . Critical Strikes 48 | . 1 . . . . . 2 4 8 3 . 4 1 . . . . . 3 19 3 Meltdown 2 | . . . . . . . . . . . . . . . . . . . . 1 1 Destroy 7 | . 1 . . . . . . . . . . . . . . . . . . 6 . Blast 39 | . . . . . . . 2 4 8 3 . 4 1 . . . . . 3 12 2 Melee Attacks 38 | . . . . . . . . . . . 12 . . . 15 3 . . . 8 . Impact 38 | . . . . . . . . . . . 12 . . . 15 3 . . . 8 . Slashing . | . . . . . . . . . . . . . . . . . . . . . . Piercing . | . . . . . . . . . . . . . . . . . . . . . . Sneak Attacks 3 | . . . . . . . . . . . . . . . . . . . . 3 . Combat Hostiles . | . . . . . . . . . . . . . . . . . . . . . . Follow-up Attacks . | . . . . . . . . . . . . . . . . . . . . . . Damage Inflicted 42736 | . 610 133 2569 341 . 223 1566 1682 1130 779 . 5488 1484 1722 4050 244 1384 1536 6701 7948 3146 Guns 6934 | . 608 131 1276 . . . . . . . . . . . . . . . 433 4486 . Cannons 24928 | . . . 960 71 . 19 1129 1078 880 479 . 1162 904 1722 3955 244 1384 1123 3676 3011 3131 Explosions 9866 | . . . 306 260 . 174 411 537 250 300 . 4284 580 . . . . 243 2521 . . Melee 311 | . . . . . . . . . . . . . . . . . . . . 311 . Ramming 697 | . 2 2 27 10 . 30 26 67 . . . 42 . . 95 . . 170 71 140 15 Kinetic 15834 | . 608 131 2236 71 . 19 1029 1078 880 479 . 820 141 . . . . . 808 6095 1439 Thermal 16686 | . . . . . . . 201 270 . . . 111 763 1722 3955 244 1384 1142 3874 1402 1618 Explosive 8380 | . . . 306 260 . 174 310 267 250 300 . 4173 580 . . . . . 1760 . . Electromagnetic 828 | . . . . . . . . . . . . 342 . . . . . 224 188 . 74 Impact 311 | . . . . . . . . . . . . . . . . . . . . 311 . Slashing . | . . . . . . . . . . . . . . . . . . . . . . Piercing . | . . . . . . . . . . . . . . . . . . . . . . Highest Corruption 23 | . 5 5 . . . . . 1 9 9 9 3 3 . 1 . . . 5 23 22 Average Corruption 6 | . 4 5 . . . . . 1 7 9 9 3 3 . 1 . . . 3 15 9 Corruption Purged 6 | . . . . . . . . . 1 . . . . . 1 . . . 4 . . Corruption Blocked . | . . . . . . . . . . . . . . . . . . . . . . Effects 339 | . 25 23 . . . . . 17 14 19 4 11 18 . . . . . 47 134 27 Message Errors 81 | . 6 7 . . . . . 5 3 4 1 4 5 . . . . . 10 31 5 Matter Fused 72 | . 1 7 . . . . . 5 5 4 . 3 4 . . . . . 7 27 9 Heat Flow Errors 33 | . 2 2 . . . . . 2 2 2 . 1 2 . . . . . 6 12 2 Energy Discharges 37 | . 5 3 . . . . . . . 5 1 1 . . . . . . 7 14 1 Parts Rejected 5 | . . . . . . . . . . . . . . . . . . . 1 4 . Parts Fused 7 | . 1 . . . . . . . . . . . 1 . . . . . . 3 2 Data Loss (minor) 50 | . 8 4 . . . . . 4 2 2 1 2 1 . . . . . 6 17 3 Data Loss (major) 14 | . 2 . . . . . . 1 2 1 . . 2 . . . . . 2 3 1 Misfires 12 | . . . . . . . . . . . . . 2 . . . . . 4 4 2 Alerts 8 | . . . . . . . . . . 1 1 . 1 . . . . . 2 3 . Misdirections 4 | . . . . . . . . . . . . . . . . . . . . 2 2 Weapon Failures 16 | . . . . . . . . . . . . . . . . . . . 2 14 . Overload Shots . | . . . . . . . . . . . . . . . . . . . . . . Overflow Damage 1926 | . . . . . . 15 32 140 6 37 . 63 66 164 99 5 205 158 330 396 210 Projectiles 1449 | . . . . . . . 18 23 6 19 . 14 66 164 99 5 205 151 246 223 210 Explosions 293 | . . . . . . 15 14 111 . 18 . 44 . . . . . 7 84 . . Melee 184 | . . . . . . . . 6 . . . 5 . . . . . . . 173 . Knockbacks 97 | . . . 26 . . . 15 3 4 3 . 7 1 . 1 . . 2 2 18 15 Impact 4 | . . . . . . . . . . . . . . . 1 . . 2 . 1 . Kinetic 89 | . . . 23 . . . 14 3 4 3 . 7 1 . . . . . 2 17 15 Secondary 4 | . . . 3 . . . 1 . . . . . . . . . . . . . . Self-Inflicted Damage 843 | . . . 68 30 . . . 384 . 35 . 22 86 . . . . 117 75 26 . Shots 16 | . . . 2 1 . . . 4 . 2 . 1 2 . . . . 2 2 . . Rammed 34 | . 1 2 7 1 . 6 3 6 . . . 1 . . . . . . . 5 2 Targets Rammed 59 | . 1 2 8 1 . 6 4 6 . . . 1 . . 5 . . 12 6 5 2 Kicked 23 | . . . . . . . . . . . . . . . 5 . . 12 6 . . Crushed 2 | . . . 1 . . . 1 . . . . . . . . . . . . . . Highest Temperature 539 | . 164 250 87 44 . 18 382 275 334 184 . 103 212 . . . . . 230 539 363 Average Temperature 94 | . 47 76 24 18 . 9 101 59 121 85 . 26 95 . . . . . 65 129 137 Received Heat Transfer 3547 | . 66 . 486 16 . . 259 30 162 153 . 307 36 39 378 12 9 72 633 759 130 Effects 14 | . . . . . . . 2 . . . . . . . . . . . . 12 . Shutdowns 6 | . . . . . . . 1 . . . . . . . . . . . . 5 . Energy Bleed 3 | . . . . . . . 1 . . . . . . . . . . . . 2 . Matter Decay 1 | . . . . . . . . . . . . . . . . . . . . 1 . Short Circuit 2 | . . . . . . . . . . . . . . . . . . . . 2 . Damage (minor) 2 | . . . . . . . . . . . . . . . . . . . . 2 . Siege Activations 6 | . . . . . . . . . . . . . . . . . . . . 4 2 Total Turns 140 | . . . . . . . . . . . . . . . . . . . . 85 55 Longest Duration 46 | . . . . . . . . . . . . . . . . . . . . 46 39 Robots Corrupted 3 | . . . . . . . . . . . . 3 . . . . . . . . . Combat Hostiles 3 | . . . . . . . . . . . . 3 . . . . . . . . . Parts Fried 4 | . . . . . . . . . . . . . . . . . . 1 . 3 . Impact Corruptions 10 | . . . . . . . . 1 . . . 1 . . . . . . . 7 1 Robots Melted 3 | . . . . . . . . . . . . . . . 1 . . . . 1 1 Combat Hostiles 3 | . . . . . . . . . . . . . . . 1 . . . . 1 1 Parts Melted 25 | . . . . . . . . 1 . . . . 1 . 6 . 1 1 3 8 4 Heat Transferred 10551 | . . . . . . . 198 200 . . . 100 400 900 2175 125 775 675 2025 1572 1406 Parts Sabotaged . | . . . . . . . . . . . . . . . . . . . . . . Parts Stolen . | . . . . . . . . . . . . . . . . . . . . . . Parts Stripped . | . . . . . . . . . . . . . . . . . . . . . . Power Chain Reactions 2 | . . . . . . . . . . . . 1 . . . . . 1 . . . Missiles Intercepted . | . . . . . . . . . . . . . . . . . . . . . . Alert | -11 -10 -10 -9 -9 -9 -8 -8 -7 -7 -7 -7 -7 -6 -6 -6 -6 -6 -6 -5 -4 -3 ------- Run | Jun Mat Min Mat Min Exi Min Mat Fac Low Low Zio Dee Pro Fac Ext Cet Arc Hub Fac Fac Res Peak Influence 957 | . 212 82 667 432 . 79 358 378 . . . . . 346 397 603 504 880 957 844 331 Initial 468 | . . 3 . 259 . . 1 53 . . . . . 346 121 221 241 106 380 468 310 Average 284 | . 70 30 272 295 . 16 198 168 . . . . . 270 165 368 426 481 429 544 183 Maximum Alert Level 3 | . 1 . 2 2 . . 1 1 . . . . . 1 1 2 2 3 3 3 1 Low Security (%) 43 | 100 96 100 46 2 . 100 46 62 . . . . . 22 66 . . 23 19 . 70 Level 1 30 | . 3 . 22 82 . . 53 37 . . . . . 77 33 82 14 10 26 24 29 Level 2 19 | . . . 31 15 . . . . . . . . . . . 17 85 44 42 47 . Level 3 6 | . . . . . . . . . . . . . . . . . . 21 11 28 . Level 4 . | . . . . . . . . . . . . . . . . . . . . . . Level 5 . | . . . . . . . . . . . . . . . . . . . . . . High Security . | . . . . . . . . . . . . . . . . . . . . . . Max Security . | . . . . . . . . . . . . . . . . . . . . . . Squads Dispatched 61 | . 3 . 4 . . . 4 9 . . . . . 3 1 . . 7 12 14 4 Investigation 8 | . 1 . 2 . . . 2 1 . . . . . 1 1 . . . . . . Extermination 26 | . . . . . . . . 7 . . . . . 2 . . . 2 5 7 3 Reinforcement 17 | . 2 . 1 . . . 2 1 . . . . . . . . . 2 6 2 1 Assault 6 | . . . 1 . . . . . . . . . . . . . . 2 1 2 . Garrison 4 | . . . . . . . . . . . . . . . . . . 1 . 3 . Intercept . | . . . . . . . . . . . . . . . . . . . . . . Searches Triggered . | . . . . . . . . . . . . . . . . . . . . . . Construction Impeded 2 | . . . . . . . . . . . . . . . . . . . 1 1 . Haulers Reinforced 1 | . . . . . . . . . . . . . . . . . . . 1 . . Active Scanning Responses . | . . . . . . . . . . . . . . . . . . . . . . Cargo Convoy Interrupts 1 | . . . . . . . . . . . . . . . . . . . . . 1 Stealth | -11 -10 -10 -9 -9 -9 -8 -8 -7 -7 -7 -7 -7 -6 -6 -6 -6 -6 -6 -5 -4 -3 --------- Run | Jun Mat Min Mat Min Exi Min Mat Fac Low Low Zio Dee Pro Fac Ext Cet Arc Hub Fac Fac Res Distress Signals 13 | . 1 . 3 . . . 2 . . . . . . . 1 1 . . 2 1 2 Communications Jammed 30 | . . . . . . . . . . . . . . . . . . 6 24 . . Distress Signals 21 | . . . . . . . . . . . . . . . . . . 2 19 . . Times Spotted 523 | . 25 6 53 3 . 3 30 26 14 7 . 79 18 14 32 10 18 25 59 72 29 Peak Tracking Total 37 | . 3 3 4 3 . . 4 3 6 4 . 37 7 4 4 6 2 3 8 7 8 Tactical Retreats 19 | . 2 . 3 . . . 2 . . . . 4 . . 1 . . . 3 3 1 Traps | -11 -10 -10 -9 -9 -9 -8 -8 -7 -7 -7 -7 -7 -6 -6 -6 -6 -6 -6 -5 -4 -3 ------- Run | Jun Mat Min Mat Min Exi Min Mat Fac Low Low Zio Dee Pro Fac Ext Cet Arc Hub Fac Fac Res Traps Triggered 14 | . 2 . 1 . . . . . . . . . . 2 3 . . 1 5 . . Indirectly . | . . . . . . . . . . . . . . . . . . . . . . Trap Hack Attempts . | . . . . . . . . . . . . . . . . . . . . . . Triggered . | . . . . . . . . . . . . . . . . . . . . . . Disarmed . | . . . . . . . . . . . . . . . . . . . . . . Reprogrammed . | . . . . . . . . . . . . . . . . . . . . . . Reused . | . . . . . . . . . . . . . . . . . . . . . . Traps Extracted . | . . . . . . . . . . . . . . . . . . . . . . Installed . | . . . . . . . . . . . . . . . . . . . . . . Triggered 5 | . . . . . . . . . . 2 . . . . . . . . . . 3 Machines | -11 -10 -10 -9 -9 -9 -8 -8 -7 -7 -7 -7 -7 -6 -6 -6 -6 -6 -6 -5 -4 -3 ---------- Run | Jun Mat Min Mat Min Exi Min Mat Fac Low Low Zio Dee Pro Fac Ext Cet Arc Hub Fac Fac Res Machines Disabled 58 | . . . 2 . . . 7 8 . . . 5 . 3 2 . 3 15 10 2 1 Max in Single Turn 11 | . . . 1 . . . 2 4 . . . 1 . 1 1 . 1 11 5 1 1 Garrison Access 2 | . . . . . . . . . . . . . . . . . . 1 1 . . Network Hub 1 | . . . . . . . . . . . . . . . . . . 1 . . . Machines Repaired . | . . . . . . . . . . . . . . . . . . . . . . Machines Sabotaged . | . . . . . . . . . . . . . . . . . . . . . . Overloaded Fab Kills . | . . . . . . . . . . . . . . . . . . . . . . Hacking | -11 -10 -10 -9 -9 -9 -8 -8 -7 -7 -7 -7 -7 -6 -6 -6 -6 -6 -6 -5 -4 -3 --------- Run | Jun Mat Min Mat Min Exi Min Mat Fac Low Low Zio Dee Pro Fac Ext Cet Arc Hub Fac Fac Res Machines Accessed 74 | . 5 . 8 2 1 . 8 8 . . . . . 4 7 1 1 3 14 7 5 Terminals 57 | . 5 . 6 1 . . 8 5 . . . . . 3 7 1 . 3 9 5 4 Fabricators 3 | . . . . . . . . 1 . . . . . 1 . . . . 1 . . Repair Stations 3 | . . . . . . . . 1 . . . . . . . . . . . 2 . Recycling Units 1 | . . . . . . . . 1 . . . . . . . . . . . . . Scanalyzers 6 | . . . 2 . . . . . . . . . . . . . . . 3 . 1 Garrison Access 1 | . . . . . . . . . . . . . . . . . . . 1 . . Total Hacks 217 | . 11 . 25 3 1 . 33 21 . . . . . 9 10 2 1 9 46 22 24 Successful 110 | . 3 . 11 1 1 . 17 13 . . . . . 3 4 . 1 5 27 14 10 Failed 107 | . 8 . 14 2 . . 16 8 . . . . . 6 6 2 . 4 19 8 14 Catastrophic 17 | . 3 . 3 . . . 1 1 . . . . . 2 1 . . 1 2 1 2 Database Lockouts . | . . . . . . . . . . . . . . . . . . . . . . Manual 125 | . 10 . 18 . 1 . 23 14 . . 1 . . 6 3 1 . 6 30 6 6 Terminals 175 | . 11 . 17 2 . . 33 14 . . . . . 7 10 2 . 9 33 18 19 Fabricators 7 | . . . . . . . . 4 . . . . . 2 . . . . 1 . . Repair Stations 6 | . . . . . . . . 2 . . . . . . . . . . . 4 . Recycling Units 1 | . . . . . . . . 1 . . . . . . . . . . . . . Scanalyzers 23 | . . . 8 . . . . . . . . . . . . . . . 10 . 5 Garrison Access 2 | . . . . . . . . . . . . . . . . . . . 2 . . Terminal Hacks 59 | . 2 . 5 1 1 . 13 3 . . . . . . 4 . 1 3 14 8 4 Record 4 | . . . . . . . 2 . . . . . . . . . 1 1 . . . Part Schematic 5 | . . . 1 . . . . 2 . . . . . . . . . . . 1 1 Robot Analysis 10 | . 2 . 2 . . . 3 . . . . . . . . . . . 3 . . Prototype ID Bank 1 | . . . 1 . . . . . . . . . . . . . . . . . . Open Door 4 | . . . . 1 . . . . . . . . . . 3 . . . . . . Level Access Points 1 | . . . . . . . 1 . . . . . . . . . . . . . . Branch Access Points 2 | . . . 1 . . . . . . . . . . . . . . . . 1 . Machine Index 2 | . . . . . . . . 1 . . . . . . . . . . . 1 . Terminal Index 2 | . . . . . . . . . . . . . . . . . . . 1 . 1 Scanalyzer Index 1 | . . . . . . . . . . . . . . . . . . . 1 . . Alert Level 7 | . . . . . . . 1 . . . . . . . . . . . 3 2 1 Unreport Threat 8 | . . . . . . . 1 . . . . . . . . . . 1 2 3 1 Patrol Status 1 | . . . . . . . 1 . . . . . . . . . . . . . . Recall Investigation 1 | . . . . . . . 1 . . . . . . . . . . . . . . Recall Extermination 1 | . . . . . . . . . . . . . . . . . . . 1 . . Recall Reinforcements 4 | . . . . . . . 1 . . . . . . . . . . . 3 . . Recall Assault 1 | . . . . . . . . . . . . . . . . . . 1 . . . Zone Layout 3 | . . . . . . . 2 . . . . . . . 1 . . . . . . EX-Prototype ID Bank 1 | . . . . . 1 . . . . . . . . . . . . . . . . Fabricator Hacks 7 | . . . . . . . . 4 . . . . . 2 . . . . 1 . . Network Status 2 | . . . . . . . . 1 . . . . . . . . . . 1 . . Load Schematic 2 | . . . . . . . . 1 . . . . . 1 . . . . . . . Build 3 | . . . . . . . . 2 . . . . . 1 . . . . . . . Repair Station Hacks 6 | . . . . . . . . 2 . . . . . . . . . . . 4 . Scan Component 3 | . . . . . . . . 1 . . . . . . . . . . . 2 . Repair 3 | . . . . . . . . 1 . . . . . . . . . . . 2 . Recycling Unit Hacks . | . . . . . . . . . . . . . . . . . . . . . . Scanalyzer 10 | . . . 2 . . . . . . . . . . . . . . . 5 . 3 Insert Component 6 | . . . 2 . . . . . . . . . . . . . . . 3 . 1 Analyze 4 | . . . . . . . . . . . . . . . . . . . 2 . 2 Garrison Access Hacks 1 | . . . . . . . . . . . . . . . . . . . 1 . . Seal Access 1 | . . . . . . . . . . . . . . . . . . . 1 . . Unauthorized Hacks 27 | . 1 . 4 . . . 4 4 . . . . . 1 . . . 2 6 2 3 Terminals 26 | . 1 . 4 . . . 4 3 . . . . . 1 . . . 2 6 2 3 Assimilate 1 | . . . . . . . . 1 . . . . . . . . . . . . . Botnet 22 | . 1 . 3 . . . 3 2 . . . . . 1 . . . 1 6 2 3 Operators 3 | . . . 1 . . . 1 . . . . . . . . . . 1 . . . Fabricators . | . . . . . . . . . . . . . . . . . . . . . . Repair Stations . | . . . . . . . . . . . . . . . . . . . . . . Recycling Units 1 | . . . . . . . . 1 . . . . . . . . . . . . . Monitor 1 | . . . . . . . . 1 . . . . . . . . . . . . . Scanalyzers . | . . . . . . . . . . . . . . . . . . . . . . Garrison Access . | . . . . . . . . . . . . . . . . . . . . . . Data Cores Recovered 3 | . . . . . . . . 1 . . . . . . . . . 1 . . 1 Used . | . . . . . . . . . . . . . . . . . . . . . . Hacking Detections 54 | . 5 . 6 1 . . 6 6 . . . . . 3 4 1 . 2 10 5 5 Full Trace Events 10 | . 4 . 2 . . . 2 1 . . . . . 1 . . . . . . . Feedback Events 2 | . 2 . . . . . . . . . . . . . . . . . . . . Corruption 2 | . 2 . . . . . . . . . . . . . . . . . . . . Feedback Blocked . | . . . . . . . . . . . . . . . . . . . . . . Robot Schematics Acquired 2 | . . . . . . . . . . . 2 . . . . . . . . . . Robots Built . | . . . . . . . . . . . . . . . . . . . . . . Authchips . | . . . . . . . . . . . . . . . . . . . . . . Time . | . . . . . . . . . . . . . . . . . . . . . . Total Robot Build Rating . | . . . . . . . . . . . . . . . . . . . . . . Part Schematics Acquired 22 | . . . 1 . . . . 2 . . 15 . . . . . . . 1 1 2 Parts Built 5 | . . . . . . . . 4 . . . . . 1 . . . . . . . Authchips . | . . . . . . . . . . . . . . . . . . . . . . Time 263 | . . . . . . . . 212 . . . . . 51 . . . . . . . Total Part Build Rating 25 | . . . . . . . . 24 . . . . . 1 . . . . . . . Parts Repaired 3 | . . . . . . . . 1 . . . . . . . . . . . 2 . Time 174 | . . . . . . . . 10 . . . . . . . . . . . 164 . Parts Recycled . | . . . . . . . . . . . . . . . . . . . . . . Recycled Matter . | . . . . . . . . . . . . . . . . . . . . . . Retrieved Matter . | . . . . . . . . . . . . . . . . . . . . . . Retrieved Components . | . . . . . . . . . . . . . . . . . . . . . . Parts Scanalyzed 3 | . . . 1 . . . . . . . . . . . . . . . 1 . 1 Part Schematics Acquired 2 | . . . . . . . . . . . . . . . . . . . 1 . 1 Parts Damaged 1 | . . . . . . . . . . . . . . . . . . . 1 . . Bothacking | -11 -10 -10 -9 -9 -9 -8 -8 -7 -7 -7 -7 -7 -6 -6 -6 -6 -6 -6 -5 -4 -3 ------------ Run | Jun Mat Min Mat Min Exi Min Mat Fac Low Low Zio Dee Pro Fac Ext Cet Arc Hub Fac Fac Res Used RIF Installer . | . . . . . . . . . . . . . . . . . . . . . . Robots Hacked . | . . . . . . . . . . . . . . . . . . . . . . Non-combat . | . . . . . . . . . . . . . . . . . . . . . . Combat . | . . . . . . . . . . . . . . . . . . . . . . Robot Hacks Applied . | . . . . . . . . . . . . . . . . . . . . . . Relay Couplers Released 1 | . . . . . . . . . . . . . . . . . . 1 . . . Machine Destruction 1 | . . . . . . . . . . . . . . . . . . 1 . . . Fabnet Peak Effective % . | . . . . . . . . . . . . . . . . . . . . . . Robots Rewired 17 | . . . . . . . . . 2 . . . . . 15 . . . . . . Allies Hacked . | . . . . . . . . . . . . . . . . . . . . . . Hacks Repelled . | . . . . . . . . . . . . . . . . . . . . . . Allies | -11 -10 -10 -9 -9 -9 -8 -8 -7 -7 -7 -7 -7 -6 -6 -6 -6 -6 -6 -5 -4 -3 -------- Run | Jun Mat Min Mat Min Exi Min Mat Fac Low Low Zio Dee Pro Fac Ext Cet Arc Hub Fac Fac Res Total Allies 40 | . . 1 . 2 . . . 1 2 . 2 . . . 22 5 . . . 5 . Largest Group 12 | . . 1 . 2 2 . . 1 2 2 2 2 . . 12 11 10 7 . 2 . Highest-Rated Group 779 | . . 31 . 47 47 . . 26 32 32 192 192 . . 420 779 748 534 . 137 . Highest-Rated Ally 159 | . . 31 . 31 31 . . 26 16 16 96 96 . . 159 159 159 96 . 137 . Total Orders 9 | . . . . . . . . . . . . . . . . . . . 6 3 . ROAM 1 | . . . . . . . . . . . . . . . . . . . . 1 . EXPLORE 6 | . . . . . . . . . . . . . . . . . . . 5 1 . RETURN 2 | . . . . . . . . . . . . . . . . . . . 1 1 . Ally Attacks 432 | . . 7 . . . . . . 2 8 . 43 . . 147 49 14 90 . 72 . Total Damage 13232 | . . 103 . . . . . . 32 62 . 2928 . . 2368 1873 453 3244 . 2169 . Kills 91 | . . 1 . . . . . . 1 . . 15 . . 19 11 4 19 . 21 . Allies Corrupted . | . . . . . . . . . . . . . . . . . . . . . . Allies Melted 2 | . . . . . . . . . . . . . . . . . . . . . 2 Field Lobotomies 5 | . . . . . . . . . . . . . . . . . . . . 5 . Intel | -11 -10 -10 -9 -9 -9 -8 -8 -7 -7 -7 -7 -7 -6 -6 -6 -6 -6 -6 -5 -4 -3 ------- Run | Jun Mat Min Mat Min Exi Min Mat Fac Low Low Zio Dee Pro Fac Ext Cet Arc Hub Fac Fac Res Robot Analysis Total 10 | . 2 . 2 . . . 3 . . . . . . . . . . . 3 . . Derelict Logs Recovered 7 | . . 2 . 1 . . . . 2 1 1 . . . . . . . . . . Drone Launches 8 | . . . . . . . . . . . . . . . . . . . 6 2 . Drone Recoveries 5 | . . . . . . . . . . . . . . . . . . . 4 1 . Exploration | -11 -10 -10 -9 -9 -9 -8 -8 -7 -7 -7 -7 -7 -6 -6 -6 -6 -6 -6 -5 -4 -3 ------------- Run | Jun Mat Min Mat Min Exi Min Mat Fac Low Low Zio Dee Pro Fac Ext Cet Arc Hub Fac Fac Res Turns Passed 34010 | 91 1306 849 2614 817 383 896 1766 4262 1056 614 2239 1429 1114 1304 2524 311 421 1774 3573 3515 1152 Spaces Moved 14982 | 52 623 464 1267 496 239 549 625 1651 395 235 910 571 576 608 995 118 180 881 1633 1473 441 Core 8 | 3 . . . . . . . . . . . 1 . . . . . . . 4 . Treads 8958 | 49 623 464 1267 496 239 549 625 1651 395 235 910 353 . . . . . . . 683 419 Legs 5552 | . . . . . . . . . . . . 79 576 608 995 118 180 881 1633 460 22 Wheels 464 | . . . . . . . . . . . . 138 . . . . . . . 326 . Hover . | . . . . . . . . . . . . . . . . . . . . . . Flight . | . . . . . . . . . . . . . . . . . . . . . . Fastest Speed 50 | 50 160 160 160 160 160 160 160 240 240 240 240 145 180 180 186 187 187 185 180 110 160 Average Speed 197 | 153 174 171 170 160 160 160 237 240 240 240 240 219 180 198 193 187 187 185 184 183 214 Slowest Speed 2000 | 160 240 240 240 160 160 160 240 240 240 240 240 2000 180 210 245 187 187 187 185 1750 470 Overloaded Moves . | . . . . . . . . . . . . . . . . . . . . . . Propulsion Burnouts . | . . . . . . . . . . . . . . . . . . . . . . Robots Hopped 2 | . . . . . . . . . . . . . . . . . . 2 . . . Cave-ins Triggered 1 | . . . . . . . . . . . . . . . . . . . 1 . . Exploration Rate (%) 62 | 4 97 92 92 91 62 93 52 38 54 48 86 81 78 16 87 67 81 57 54 28 17 Regions Visited 21 Branch Regions 13 Pre-discovered Areas 5 | . . 1 . 1 . . . . . . 3 . . . . . . . . . . Known Exits Taken 4 | . . . 1 . . . 1 1 . . . . . . . . . . . 1 . Unknown Exits Taken 17 | 1 1 1 . 1 1 1 . . 1 1 1 1 1 1 1 1 1 1 1 . . Scrap Searched 13 | . . 2 . 2 . 1 . . 2 1 2 . 3 . . . . . . . . Spaces Dug 68 | . . . . . . . . 3 . 2 2 . . . 2 1 . 4 36 11 7 Terrain Destroyed 908 | . . 4 37 42 . 9 104 44 49 25 2 7 97 8 16 2 13 171 204 56 18 Melee 10 | . . . . . . . . . . . 2 . . . 2 1 . . . 5 . Projectile 286 | . . 4 9 . . . 17 17 18 6 . 7 13 8 14 1 13 12 78 51 18 AOE 612 | . . . 28 42 . 9 87 27 31 19 . . 84 . . . . 159 126 . . Terrain Rammed . | . . . . . . . . . . . . . . . . . . . . . . Walls Destroyed . | . . . . . . . . . . . . . . . . . . . . . . Machines Disabled . | . . . . . . . . . . . . . . . . . . . . . . Actions | -11 -10 -10 -9 -9 -9 -8 -8 -7 -7 -7 -7 -7 -6 -6 -6 -6 -6 -6 -5 -4 -3 --------- Run | Jun Mat Min Mat Min Exi Min Mat Fac Low Low Zio Dee Pro Fac Ext Cet Arc Hub Fac Fac Res Total 17698 | 60 743 487 1509 509 240 562 811 1877 449 253 941 657 610 661 1462 199 219 968 1979 1906 596 Wait 1117 | . 57 2 75 7 . 5 121 139 5 . 16 7 . 5 186 66 3 44 168 161 50 Move 14957 | 51 622 463 1266 495 238 548 624 1650 394 234 909 570 575 607 994 117 179 877 1631 1472 441 Hop 1 | . . . . . . . . . . . . . . . . . . 1 . . . Pick Up 109 | 3 4 2 20 . 1 1 5 16 2 . 1 3 3 4 3 3 6 3 6 16 7 Fast Attach 67 | 6 2 . 6 . . . 1 1 2 . 1 6 1 2 1 . . 1 3 31 3 Attach 67 | . . 1 8 . . . 2 5 4 1 . 6 1 . . . . . 7 17 15 Detach 46 | . 1 . 1 . . . . . . . . 3 3 2 9 1 . 1 8 11 6 Swap 93 | . 1 2 8 . . . 8 9 6 2 1 12 2 1 3 1 . 5 15 13 4 Drop 74 | . . . 15 . 1 1 . 14 . . 1 6 1 11 . 5 5 3 4 4 3 Fire 851 | . 55 15 102 6 . 1 46 37 27 16 . 43 24 29 52 3 26 21 115 168 65 Melee 38 | . . . . . . . . . . . 12 . . . 15 3 . . . 8 . Ram 3 | . . . . . . . . . . . . 1 . . . . . . . 2 . Kick 23 | . . . . . . . . . . . . . . . 5 . . 12 6 . . Crush 33 | . 1 2 8 1 . 6 4 6 . . . . . . . . . . . 3 2 Escape Stasis 31 | . . . . . . . . . . . . . . . 15 . . . 16 . . Rewire 188 | . . . . . . . . . 9 . . . . . 179 . . . . . . Trap . | . . . . . . . . . . . . . . . . . . . . . . Miscellaneous . | . . . . . . . . . . . . . . . . . . . . . . Route ------- -11/Junkyard -10/Materials (discovered 4 exits: *Mat x3 / [*Min]) -10/Mines (discovered 2 exits: *Mat x2) -9/Materials (discovered 4 exits: *Mat x3 / *Min) -9/Mines (discovered 3 exits: *Mat x2 / *Exi) -9/Exiles -8/Mines (discovered 2 exits: *Mat x2) -8/Materials (discovered 4 exits: *Fac x3 / [*Sto]) -7/Factory (discovered 3 exits: *Fac / *Low x2) -7/Lower Caves -7/Lower Caves -7/Zion (discovered 2 exits: [*Dee] / [*Pro]) -7/Deep Caves -6/Proximity Caves -6/Factory (discovered 2 exits: *Fac / *Ext) -6/Extension (discovered 2 exits: *Fac / *Cet) -6/Cetus -6/Archives (discovered 3 exits: *Fac / *Hub x2) -6/Hub_04(d) (discovered 2 exits: *Fac x2) -5/Factory (discovered 3 exits: *Fac x2 / [*Upp]) -4/Factory (discovered 5 exits: *Res x2 / Upp x2 / Arm) -3/Research (discovered 1 exit: [*Tes]) History --------- Turn | Location | Event 26 | -11/Junkyard | Discovered new exit (range 16) 92 | -11/Junkyard | Entered Materials 235 | -10/Materials | Discovered new exit (range 9) 313 | -10/Materials | Build established: Mutant 560 | -10/Materials | Discovered new exit (range 4) 750 | -10/Materials | Discovered new exit (range 3) 1033 | -10/Materials | Discovered new exit (range 16) 1398 | -10/Materials | Entered Mines 1401 | -10/Mines | Received a Mining Laser from a helpful Derelict 1454 | -10/Mines | Found a hidden stash of uninstalled traps 1542 | -10/Mines | Discovered new exit (range 15) 1690 | -10/Mines | A weapon hastily lodged in a ceiling crevice suddenly fell to the ground 1711 | -10/Mines | Learned Materials garrison access intel 1909 | -10/Mines | Learned location of Storage (-8) 1909 | -10/Mines | Discovered new exit (range 8) 1959 | -10/Mines | Found a damaged Exp. Sensor Array with a note attached 1962 | -10/Mines | Found Prototype Device 2247 | -10/Mines | Entered Materials 2247 | -9/Materials | Evolved 2 slots: Utility x2 2965 | -9/Materials | Discovered new exit (range 6) 3372 | -9/Materials | Discovered new exit (range 12) 3804 | -9/Materials | Discovered new exit (range 4) 4143 | -9/Materials | Discovered new exit (range 16) 4163 | -9/Materials | Identified Exp. Sensor Array 4647 | -9/Materials | First assault squad dispatched 4713 | -9/Materials | Identified exit to Mines 4861 | -9/Materials | Entered Mines 4877 | -9/Mines | Met a Derelict bent on vengeance 4928 | -9/Mines | Discovered new exit (range 12) 5434 | -9/Mines | Discovered new exit (range 13) 5451 | -9/Mines | Found the Drone Emporium 5665 | -9/Mines | Deemed a non-threat by the Exiles lab entrance 5665 | -9/Mines | Discovered new exit (range 5) 5678 | -9/Mines | Entered Exiles 5678 | -9/Exiles | Accompanied by 2 allies 5708 | -9/Exiles | Led the pair of lost Derelicts to a safe place 5718 | -9/Exiles | Met 8R-AWN 5744 | -9/Exiles | Met EX-HEX 5794 | -9/Exiles | Met EX-BIN 5816 | -9/Exiles | Aligned with FarCom system 5818 | -9/Exiles | Given EX-Vault access code 5856 | -9/Exiles | Opened EX-Vault 5868 | -9/Exiles | Found Field Lobotomy Kit 5925 | -9/Exiles | Warned to stay clear of 0b10 Research branches 5974 | -9/Exiles | Met EX-DEC 6048 | -9/Exiles | Discovered new exit (range 10) 6061 | -9/Exiles | Left Exiles lab with Field Lobotomy Kit 6061 | -9/Exiles | Entered Mines 6308 | -8/Mines | Discovered new exit (range 4) 6338 | -8/Mines | Discovered new exit (range 4) 6957 | -8/Mines | Entered Materials 6957 | -8/Materials | Evolved 2 slots: Propulsion x1, Utility x1 6958 | -8/Materials | Loaded intel: 1 garrison access location 7721 | -8/Materials | Build established: Hacker-Mutant 7801 | -8/Materials | Identified exit to Factory 7827 | -8/Materials | Discovered new exit (range 14) 8723 | -8/Materials | Entered Factory 8723 | -7/Factory | Evolved 2 slots: Propulsion x1, Utility x1 8724 | -7/Factory | Identified exit to Lower Caves 10143 | -7/Factory | Discovered new exit (range 15) 11121 | -7/Factory | Fabricated Gyrokinetic Inverter (x2) 11316 | -7/Factory | Discovered exit to Lower Caves (range 16) 11978 | -7/Factory | Repaired Imp. Treads 12366 | -7/Factory | Fabricated Neutrino Core? 12985 | -7/Factory | Entered Lower Caves 13221 | -7/Lower Caves | Learned Factory emergency access door positions 13559 | -7/Lower Caves | Attracted the attention of an 0b10 outpost 13640 | -7/Lower Caves | Lost 3 parts (1p1u1w) 13878 | -7/Lower Caves | Build established: Mutant 13955 | -7/Lower Caves | Learned Factory stockpile data 14027 | -7/Lower Caves | Discovered new exit (range 7) 14041 | -7/Lower Caves | Entered another Lower Caves area 14041 | -7/Lower Caves | Accompanied by 2 allies 14042 | -7/Lower Caves | Encountered a Warlord checkpoint 14255 | -7/Lower Caves | Learned Factory emergency access door positions 14610 | -7/Lower Caves | Discovered new exit (range 14) 14655 | -7/Lower Caves | Entered Zion 14766 | -7/Zion | System corruption cleaned by Quarantine Array 14885 | -7/Zion | Given A8's code to call for help 14957 | -7/Zion | Discovered new exit (range 10) 15445 | -7/Zion | Given the Hacking Drone Bay 15593 | -7/Zion | Found Prototype Device 16313 | -7/Zion | Learned location of Armory (-4) 16846 | -7/Zion | Enhanced Grunt warped into view, answering call for help 16849 | -7/Zion | Enhanced Grunt warped into view, answering call for help 16879 | -7/Zion | Discovered new exit (range 5) 16881 | -7/Zion | Saw the warning signs outside the Deep Caves entrance 16894 | -7/Zion | Entered Deep Caves 16894 | -7/Deep Caves | Accompanied by 2 allies 17245 | -7/Deep Caves | Attacked by Z-Imprinter 17260 | -7/Deep Caves | Allies destroyed Z-Imprinter 17351 | -7/Deep Caves | Found Prototype Protection 17351 | -7/Deep Caves | Identified Zio. Weapon Casing 17420 | -7/Deep Caves | Z-Facility disabled 17757 | -7/Deep Caves | Spotted as-81179 17763 | -7/Deep Caves | Destroyed as-81179 17821 | -7/Deep Caves | Triggered Deep Caves wall 17821 | -7/Deep Caves | Spotted AS-08917 17822 | -7/Deep Caves | Exposed GOLEM chamber 17829 | -7/Deep Caves | Destroyed AS-08917 17841 | -7/Deep Caves | Spotted AS-72148 17860 | -7/Deep Caves | Destroyed 36 combat bots 17888 | -7/Deep Caves | Destroyed AS-72148 17901 | -7/Deep Caves | Lost 7 parts (1p3n3u) 17934 | -7/Deep Caves | Spotted as-97665 17938 | -7/Deep Caves | Found GOLEM Unit 17951 | -7/Deep Caves | Core integrity fell below 50% 17959 | -7/Deep Caves | Destroyed as-97665 17981 | -7/Deep Caves | Lost 3 parts (1p1n1w) 18268 | -7/Deep Caves | Spotted as-75414 18273 | -7/Deep Caves | Spotted as-19392 18302 | -7/Deep Caves | Spotted as-25947 18314 | -7/Deep Caves | Discovered new exit (range 6) 18323 | -7/Deep Caves | Entered Proximity Caves 18326 | -6/Proximity Caves | Spotter reported a threat 18326 | -6/Proximity Caves | Spotter reported a threat 18493 | -6/Proximity Caves | Attracted the attention of an 0b10 checkpoint 18598 | -6/Proximity Caves | Build established: Golem 19328 | -6/Proximity Caves | Destroyed 8 combat bots 19402 | -6/Proximity Caves | Discovered new exit (range 15) 19437 | -6/Proximity Caves | Entered Factory 19437 | -6/Factory | Evolved 2 slots: Power x1, Utility x1 19635 | -6/Factory | Fabricated Huge Storage Unit? 20282 | -6/Factory | Discovered new exit (range 4) 20713 | -6/Factory | Discovered new exit (range 11) 20741 | -6/Factory | Entered Extension 21941 | -6/Extension | Rescued a captive Derelict 21942 | -6/Extension | Rescued a captive Derelict 22006 | -6/Extension | Rescued a captive Derelict 22006 | -6/Extension | Rescued a captive Derelict 22015 | -6/Extension | Build established: Commander-Golem 22258 | -6/Extension | Spotted B-75 Beast 22266 | -6/Extension | Destroyed B-75 Beast 22300 | -6/Extension | Spotted B-75 Beast 22325 | -6/Extension | Allies destroyed B-75 Beast 22574 | -6/Extension | Rescued a captive Derelict 22595 | -6/Extension | Build established: Golem 22624 | -6/Extension | Rescued A7 22669 | -6/Extension | Rescued a captive Derelict 23096 | -6/Extension | Build established: Commander-Golem 23212 | -6/Extension | Discovered new exit (range 10) 23214 | -6/Extension | Discovered new exit (range 6) 23265 | -6/Extension | Entered Cetus 23265 | -6/Cetus | Accompanied by 9 allies (A7) 23270 | -6/Cetus | Acquired a Cetus Manufacturing Module code from A7 23290 | -6/Cetus | Spotted Cetus Guard 23290 | -6/Cetus | Spotted Cetus Guard 23292 | -6/Cetus | Spotted Cetus Guard 23293 | -6/Cetus | Spotted Cetus Guard 23295 | -6/Cetus | Allies destroyed Cetus Guard 23299 | -6/Cetus | Allies destroyed Cetus Guard 23301 | -6/Cetus | Allies destroyed Cetus Guard 23312 | -6/Cetus | Allies destroyed Cetus Guard 23393 | -6/Cetus | Started Cetus Manufacturing Module 23418 | -6/Cetus | Manufactured an Enhanced Grunt 23435 | -6/Cetus | Escorted A7 to Cetus Mainframe 23443 | -6/Cetus | Manufactured an Enhanced Grunt 23468 | -6/Cetus | Manufactured an Enhanced Grunt 23493 | -6/Cetus | Manufactured an Enhanced Grunt 23518 | -6/Cetus | Manufactured an Enhanced Grunt 23545 | -6/Cetus | Discovered new exit (range 15) 23576 | -6/Cetus | Entered Archives 23576 | -6/Archives | Accompanied by 10 allies (A7) 23581 | -6/Archives | Received a hacking code to weaken MAIN.C 23645 | -6/Archives | Discovered new exit (range 16) 23662 | -6/Archives | Unable to access archive contents 23670 | -6/Archives | Discovered new exit (range 16) 23873 | -6/Archives | Discovered new exit (range 16) 23997 | -6/Archives | Entered Hub_04(d) 23997 | -6/Hub_04(d) | Accompanied by 7 allies 24799 | -6/Hub_04(d) | Discovered new exit (range 13) 24802 | -6/Hub_04(d) | Discovered new exit (range 9) 25015 | -6/Hub_04(d) | Spotted B-75 Beast 25037 | -6/Hub_04(d) | Destroyed B-75 Beast 25319 | -6/Hub_04(d) | Build established: Golem 25540 | -6/Hub_04(d) | Network Hub disabled 25747 | -6/Hub_04(d) | First assault squad dispatched 25771 | -6/Hub_04(d) | Entered Factory 25771 | -5/Factory | Evolved 2 slots: Utility x2 26019 | -5/Factory | Discovered new exit (range 42) 27559 | -5/Factory | Crushed by falling debris 27563 | -5/Factory | Discovered new exit (range 13) 27885 | -5/Factory | Build established: Hacker-Golem 27947 | -5/Factory | Discovered new exit (range 4) 28438 | -5/Factory | Build established: Hacker-Mutant 29071 | -5/Factory | First assault squad dispatched 29269 | -5/Factory | Lost 8 parts (2p2n2u2w) 29344 | -5/Factory | Entered another Factory area 29344 | -4/Factory | Evolved 2 slots: Utility x1, Weapon x1 29513 | -4/Factory | Discovered new exit (range 12) 29578 | -4/Factory | Assimilated H-71 Marshal with FLK Orb 29676 | -4/Factory | Identified exit to Upper Caves 29676 | -4/Factory | Identified exit to Armory 30307 | -4/Factory | Assimilated G-67 Veteran with FLK Orb 30311 | -4/Factory | Assimilated G-67 Veteran with FLK Orb 30389 | -4/Factory | System corruption reached 10% 30402 | -4/Factory | Assimilated H-77 Assassin with FLK Orb 30405 | -4/Factory | Assimilated H-77 Assassin with FLK Orb 30855 | -4/Factory | Destroyed 7 combat bots 30856 | -4/Factory | Lost 7 parts (1p4u2w) 31094 | -4/Factory | First assault squad dispatched 31245 | -4/Factory | Identified Hacking Drone Bay 31317 | -4/Factory | Garrison activated, responded to threat 31380 | -4/Factory | Lost 3 parts (1n2u) 31517 | -4/Factory | Repaired Broken Centrium Heavy Treads? 31627 | -4/Factory | Lost 6 parts (1p1n2u2w) 31717 | -4/Factory | Lost 3 parts (1n1u1w) 31901 | -4/Factory | Found Launcher Loader 32095 | -4/Factory | Repaired Hvy. Treads 32140 | -4/Factory | Build established: Scavenger-Tank 32443 | -4/Factory | Discovered new exit (range 13) 32470 | -4/Factory | Build established: Scavenger-Mutant 32474 | -4/Factory | Identified exit to Research 32859 | -4/Factory | Entered Research 32859 | -3/Research | Evolved 2 slots: Utility x1, Weapon x1 32889 | -3/Research | Found Quantum Capacitor 33674 | -3/Research | Lost 3 parts (2u1w) 33704 | -3/Research | Cargo convoy interrupted 33749 | -3/Research | System corruption reached 10% 33790 | -3/Research | Lost 4 parts (4u) 33978 | -3/Research | Discovered new exit (range 19) 34011 | -3/Research | Self-destructed Last Messages --------------- 33982_ Knocked back. 33982_ Integrated Corrupted Myomer Leg (+6). 33982_ Complication: System interference. 33982_ Linear Accelerator temporarily disabled. 33983_ System corrupted: Heat flow error (+107). 33987_ Penetrated by Slug. 33987_ Slug penetrates K-01 Serf. 33999_ System corrupted: Substantial component data lost. 34005_ Linear Accelerator destroyed. 34007_ Knocked back. 34008_ Matter Neutralizer destroyed. 34008_ U-05 Engineer builds a Wall. 34009_ Penetrated by Slug. 34009_ Myomer Leg destroyed. 34009_ Linear Accelerator destroyed. 34009_ Adv. Heat Sink destroyed. 34009_ Critical hit (Blast). 34009_ Knocked back. 34011_ Mic. Antimatter Reactor destroyed. 34011_ Penetrated by Slug. Map ----- +----------------------------------------------------+ | ?????????????????????????????????????????????????? | | ?????????????????????????????????????????????????? | | ?????????????????????????????????????????????????? | | ?????????????????????????????????????????????????? | | ?????????????????????????????????????????????????? | | ?????????????????????????????????????????????????? | | ?????????????????????????????????????????????????? | | ?????????????????????????????????????????????????? | | ?????????????????????????????????????????????????? | | ?????????????????????????????????????????????????? | | ?????????????????????????????????????????????????? | | ?????????????????????????????????????????????????? | | ?????????????????????????????????????????????????? | | ?????????????????????????????????????????????????? | | ?????????????????????????????????????????????????? | | ?????????????????????????????????????????????????? | | ?????????????????????????????????????????????????? | | ?????????????????????????????????????????????????? | | ??????????????????????????#############??????????? | | ??????????????????????????# T #??????????? | | ??????????????????????????# #??????????? | | ??????????????????????????# """#??????????? | | ??????????????????????????# """#??????????? | | ????????????????????????### """#??????????? | | ????????????????????????# # g #???######## | | ????????????????????????#@; g #???# | | ????????????# ########Y#####+########### | | ????????????#[ ^^ kH% ^ # """ | | ????????????# < ^ ^ C / % """ | | ????????????#= ###### #% """ | | ??????????????????????# Y % # =% | | ??????????????????????# """"""" # ! | | ??????????????????????# """"""" # |%% | | ??????????????????????# """"""" #######/ | | ??????????????????????# ## | | ??????????????????????# ^ # | | ????????????????????? # | | ??????????????????? # % | | ??????????????????##### #####+# | | ??????????????????????# % | | ??????????????????????###+####### % | | ????????????????????????????????# % | | ????????????????????????????????# % | | ????????????????????????????????# % | | ????????????????????????????????# % | | ????????????????????????????????########## | | ?????????????????????????????????????????# | | ?????????????????????????????????????????# | | ?????????????????????????????????????????# % | | ?????????????????????????????????????????##### # | +----------------------------------------------------+ Best States ------------- Heat Dissipation 85 Energy Generation 45 Energy Capacity 1540 Matter Stores 300 Matter Capacity 300 Sight Range 22 Robot Scan Range 20 Terrain Scan Density 10 Jamming Range 14 Cloak Strength 3 Armor Coverage 1200 Resistance: KI 15 Resistance: TH 25 Resistance: EX 15 Resistance: EM 15 Resistance: I 15 Resistance: S 15 Resistance: P 15 Propulsion Shielding 33 Weapon Shielding 100 Phase Shifting 10 Evasion (%) 50 Targeting Accuracy 6 Core Analysis 6 Recoil Reduction 4 Particle Charging 15 Offensive Hacking 46 Defensive Hacking 12 Item Schematics ----------------- Huge Storage Unit | -9/Materials | Hacked Transmission Jammer | -7/Factory | Hacked Neutrino Core | -7/Factory | Hacked Angular Momentum Engine | -7/Zion | Archive Imp. Carbon-fiber Leg | -7/Zion | Archive System Restoration Module | -7/Zion | Archive Adv. Heat Sink | -7/Zion | Archive Hyp. Coil Gun | -7/Zion | Archive Imp. Titanium Leg | -7/Zion | Archive Imp. Hacking Suite | -7/Zion | Archive Imp. Shield Generator | -7/Zion | Archive Fission Core | -7/Zion | Archive Imp. Medium Armor Plating | -7/Zion | Archive Remote Shield | -7/Zion | Archive Chainsword | -7/Zion | Archive Imp. Hardlight Generator | -7/Zion | Archive Energy Filter | -7/Zion | Archive Imp. Remote Datajack | -7/Zion | Archive Centrium Heavy Treads | -5/Factory | Scanalyzed Adv. Force Field | -4/Factory | Hacked Adv. Heavy Siege Treads | -3/Research | Hacked Quantum Capacitor | -3/Research | Scanalyzed Robot Schematics ------------------ R-06 Scavenger | -7/Zion | Archive G-47 Trooper | -7/Zion | Archive Fabricated ------------ Gyrokinetic Inverter | x2 | -7/Factory | Preloaded Neutrino Core | x2 | -7/Factory Huge Storage Unit | x1 | -6/Factory Alien Tech Used ----------------- None Achievements -------------- None Challenges ------------ None Game ------ Seed ArchitectGhostWings Manual? 0 Play Time 02:45:59 Cumulative 84.0 hours Start 2023.12.23 @ 07:47:17 End 2023.12.25 @ 10:59:33 Sessions 9 Manual Loads 0 Difficulty Rogue Special Mode None Game No. 106 Rogue 106 Adventurer 0 Explorer 0 Win Type - Total 1 Types 1/0/0/0/0/0/0/0/0 Lore% 44 Gallery% 52 Achievement% 43 Wizard Run 0 Options --------- ASCII 0 Keyboard 1 Movement Numpad Keybinds 0 Fullscreen 2 Font 18/SmallcapsGlow Map View 76x50 Tactical HUD 1 Map Filters NONE Filters NONE Steam 1 RUN: 85c0a459-e2db-4cb4-81ff-3144c5b865f4